 Dungeon Crawl Stone Soup version 0.28-a0-1233-g92def6ad0a (webtiles) character file.

Game seed: 13357670133113364307

39 Lekart the Skirmisher (level 3, -7/33 HPs)
             Began as a Draconian Chaos Knight on Dec 23, 2021.
             Was a Plaything of Xom.
             Succumbed to an orange demon's poison
             ... on level 1 of the Abyss.
             The game lasted 00:02:47 (2180 turns).

Lekart the Skirmisher (Draconian Chaos Knight)      Turns: 2180, Time: 00:02:48

Health: -7/33      AC:  5    Str: 14      XL:     3   Next: 28%
Magic:  3/3        EV: 12    Int: 12      God:    Xom [.....*]
Gold:   97         SH:  0    Dex:  7 (8)  Spells: 2/2 levels left

rFire   . . .      SeeInvis .   a - +0 hand axe (chaos)
rCold   . . .      Faith    .   (no shield)
rNeg    . . .      Spirit   .   (armour unavailable)
rPois   .          Reflect  .   (helmet restricted)
rElec   .          Harm     .   (no cloak)
rCorr   .          Rampage  .   (no gloves)
Will    .....                   (no boots)
Stlth   +.........              (no amulet)
HPRegen 0.11/turn               (no ring)
MPRegen 0.08/turn               (no ring)

@: lethally poisoned (-7 -> -45)
A: AC +5, unfitting armour, cold-blooded, talons 1, clumsy 2, sense surroundings
1, screaming 1
a: Renounce Religion


You were on level 1 of the Abyss.
You worshipped Xom.
You were Xom's teddy bear.
You visited 1 branch of the dungeon, and saw 2 of its levels.
You visited the Abyss 1 time.

You collected 97 gold pieces.

Inventory:

Hand Weapons
 a - a +0 hand axe of chaos (weapon)
Scrolls
 b - a scroll of identify {unknown}
 c - a scroll of acquirement {unknown}
 d - a scroll of immolation {unknown}
Potions
 g - a potion of berserk rage


   Skills:
 + Level 4.0 Fighting
 + Level 3.6 Axes
 + Level 2.5 Dodging


You had 2 spell levels left.
You didn't know any spells.
Your spell library contained the following spells:

 Spells                   Type           Power      Damage    Failure   Level
 Inner Flame              Hex/Fire       0%         N/A       69%         3
 Airstrike                Air            0%         N/A       97%         4
 Cause Fear               Hex            0%         N/A       97%         4
 Petrify                  Tmut/Erth      0%         N/A       97%         4
 Summon Lightning Spire   Summ/Air       0%         N/A       97%         4
 Lightning Bolt           Conj/Air       0%         1d11      100%        5
 Discord                  Hex            0%         N/A       100%        8
 Necromutation            Tmut/Necr      0%         N/A       100%        8
 Animate Armour           Summ/Erth      Unusable   N/A       N/A         4

Dungeon Overview and Level Annotations

Branches:
Dungeon (2/15)

Altars:

Annotations:
D:2 Crazy Yiuf


Innate Abilities, Weirdness & Mutations

Your plain brown scales are hard. (AC +5)
You cannot fit into any form of body armour.
You are cold-blooded and may be slowed by cold attacks.
You have sharp toenails.
You are very clumsy. (Dex -4)
You passively map a small area around you.
You occasionally shout uncontrollably at your foes.


Message History

Crazy Yiuf barely misses you. x2
You hit Crazy Yiuf.
Crazy Yiuf is almost dead.
Crazy Yiuf blinks!
Crazy Yiuf barely misses you.
There is an open translucent door here.
You barely miss Crazy Yiuf. Your kick misses Crazy Yiuf.
Crazy Yiuf is almost dead.
Crazy Yiuf hits you with a +2 quarterstaff of chaos!
You are cast into the Abyss!
This branch contains the abyssal rune of Zot.
Found a book of Storms.
You pick up a book of Storms and begin reading...
You add the spells Airstrike, Summon Lightning Spire and Lightning Bolt to your library.
Found 12 gold pieces.
You now have 97 gold pieces (gained 12).
The orange demon screeches!
Xom grants you insight.
You detect creatures!
You are now Xom's teddy bear.
Xom titters.
The orange demon looks rather confused.
The orange demon closely misses you. The orange demon barely misses you.
The orange demon stings you from afar.
You are lethally poisoned!
The orange demon poisons you!
You feel very sick.
You feel very sick. The orange demon stings you from afar!
* * * LOW HITPOINT WARNING * * *
Xom roars with laughter!
You are more poisoned.
The orange demon poisons you!
Okay, then.
There is a lethal amount of poison in your body!
Unknown command.
There is a lethal amount of poison in your body!
There is a lethal amount of poison in your body!
You die...
Xom roars with laughter!

.# ###...#....
.. #
###.#.#.#..
.#4. #.# #
..#.#.. ...#
#.#.## #.##.
#.#.#.##
........#.###.#
#.#. ..
#...4.## 1 #..
#.##.#.##@#
....##.#..####
.#. # #.## . .
.. # ###


You could see an orange demon.

Vanquished Creatures
  A worm (D:2)
  2 dart slugs (D:1)
  2 endoplasms (D:1)
  A giant cockroach (D:1)
  3 goblins
  A hobgoblin (D:1)
  2 quokkas
  7 ball pythons
  4 bats
  3 frilled lizards
  6 kobolds
  2 rats (D:2)
34 creatures vanquished.

Vanquished Creatures (others)
  A plant (D:1)
1 creature vanquished.

Grand Total: 35 creatures vanquished

Notes
Turn   | Place    | Note
-------+----------+-------------------------------------------
     0 | D:1      | Lekart the Draconian Chaos Knight began the quest for the
                  | Orb.
     0 | D:1      | Reached XP level 1. HP: 19/19 MP: 1/1
     1 | D:1      | XOM: divination: magic mapping
    29 | D:1      | Found a faded altar of an unknown god.
   162 | D:1      | XOM: silly message
   168 | D:1      | XOM is BORED!
   168 | D:1      | XOM: 3-stop teleportation journey
   178 | D:1      | XOM: noise
   200 | D:1      | Reached XP level 2. HP: 20/26 MP: 2/2
   264 | D:1      | XOM: noise
   485 | D:1      | XOM: give mutations
   485 | D:1      | Gained mutation: You have a somewhat thin skeletal
                  | structure. (Dex +2, Stealth+) [Xom's mischief]
   485 | D:1      | Gained mutation: You are robust. (+10% HP) [Xom's mischief]
   708 | D:1      | XOM: give mutations
   708 | D:1      | Gained mutation: You have hidden genetic defects. [Xom's
                  | mischief]
   708 | D:1      | Lost mutation: You are robust. (+10% HP) [Xom's mischief]
   708 | D:1      | Gained mutation: You occasionally shout uncontrollably at
                  | your foes. [Xom's mischief]
   708 | D:1      | Gained mutation: You are clumsy. (Dex -2) [Xom's mischief]
   775 | D:1      | XOM: give mutations
   775 | D:1      | Gained mutation: You passively map a small area around you.
                  | [Xom's mischief]
   775 | D:1      | Gained mutation: You are very clumsy. (Dex -4) [Xom's
                  | mischief]
  1038 | D:2      | Reached XP level 3. HP: 19/33 MP: 3/3
  1054 | D:2      | XOM: give mutations
  1054 | D:2      | Gained mutation: You have sharp toenails. [Xom's mischief]
  1054 | D:2      | Lost mutation: You have a somewhat thin skeletal structure.
                  | (Dex +2, Stealth+) [Xom's mischief]
  1054 | D:2      | Lost mutation: You have hidden genetic defects. [Xom's
                  | mischief]
  1056 | D:2      | Got the Catalogue of Ashen Transformation
  1107 | D:2      | XOM: stat loss: -1 Dex (7/8)
  1402 | D:2      | Found a runed translucent door.
  1403 | D:2      | Noticed Crazy Yiuf
  1475 | D:2      | Reached skill level 4 in Fighting
  2117 | D:2      | Cast into level 1 of the Abyss (Crazy Yiuf)
  2162 | Abyss:1  | Noticed an orange demon
  2163 | Abyss:1  | XOM: divination: detect creatures
  2166 | Abyss:1  | XOM: confuse monster(s)
  2180 | Abyss:1  | Succumbed to an orange demon's poison

Illustrated notes

Levels and vault maps discovered:
D:1:      amcnicky_arrival_choice, layout_basic,
          shapermc_ecumenical_altar_acropolis
D:2:      layout_basic, uniq_crazy_yiuf_cottage
Abyss:1:  base:
D:2

Skill      XL: |  1  2  3 |
---------------+----------+-----
Fighting       | 4 |  4.0
Axes           | |  3.6
Dodging        | |  2.5

Action                   || total
-------------------------++-------
Melee: Hand axe          ||   105
       Tailslap          ||     7
       Kick              ||     3
  Use: Scroll            ||     4
       Potion            ||     2
Armor: Skin              ||    32
Dodge: Dodged            ||    93

Table legend: (Time is in decaauts)
 A = Elapsed time spent in this place.
 B = Non-inter-level travel time spent in this place.
 C = Inter-level travel time spent in this place.
 D = Time resting spent in this place.
 E = Time spent auto-exploring this place.
 F = Levels seen in this place.
 G = Mean time per level.
                   A        B        C        D        E       F      G
               +--------+--------+--------+--------+--------+-----+--------+
         Total |   2207 |   2188 |     19 |     67 |   1725 |   3 |  735.7 |
       Dungeon |   2144 |   2125 |     19 |     67 |   1725 |   2 | 1072.0 |
         Abyss |     62 |     62 |      0 |      0 |      0 |   1 |   62.0 |
               +--------+--------+--------+--------+--------+-----+--------+

Top non-repeatable levels by time:
     D:2: 1186 daAuts
     D:1: 958 daAuts
 Abyss:1: 62 daAuts
